 Dungeon Sprint DCSS version 0.30-a0-964-gd452b5e7fa (webtiles) character file.

Game seed: 11314859924827429956

19711 sircluck the Executioner (level 12, -3/136 HPs)
             Began as a Hill Orc Berserker on Mar 30, 2023.
             Was the Champion of Trog.
             Killed from afar by a golden dragon (36 damage)
             ... with a bolt of fire
             ... in the Dungeon (Sprint VII: "The Pits").
             The game lasted 00:12:08 (2457 turns).

sircluck the Executioner (Hill Orc Berserker)       Turns: 2457, Time: 00:12:13

Health: -3/136     AC: 25    Str: 25    XL:     12   Next: 71%
Magic:  12/12      EV: 14    Int:  7    God:    Trog [******]
Gold:   25         SH:  0    Dex: 10    Spells: 11/11 levels left

rFire   . . .      SeeInvis .    t - +9 executioner's axe (heavy)
rCold   . . .      Faith    .    (shield currently unavailable)
rNeg    . . .      Spirit   .    D - +8 chain mail
rPois   .          Reflect  .    (no helmet)
rElec   .          Rampage  .    F - +0 cloak
rCorr   .          NoTele   +    (no gloves)
Will    .....                    E - +0 pair of boots Stlth
                                 (no amulet)
HPRegen 0.42/turn                w - +3 ring of evasion
MPRegen 0.13/turn                (no ring)

@: on berserk cooldown, slowed, very slow
A: no potion heal 1
a: Renounce Religion, Berserk, Trog's Hand, Brothers in Arms


You were in the Dungeon.
You worshipped Trog.
Trog was exalted by your worship.
You visited 1 branch You collected 25 gold pieces.

Inventory:

Hand Weapons
 a - a +0 hand axe
 h - a +6 glaive of flaming
 n - a +2 hand axe
 q - a +2 heavy hand axe
 r - a +4 war axe
 s - a +2 antimagic battleaxe
 t - a +9 heavy executioner's axe (weapon)
 y - a +1 heavy broad axe
 G - a +4 heavy executioner's axe
Missiles
 j - 13 stones (quivered)
 H - 4 large rocks
 M - 6 poisoned darts
 P - 2 curare-tipped darts
 T - 5 atropa-tipped darts
Armour
 b - a +0 animal skin
 o - a +3 ring mail
 p - a +2 plate armour
 u - a +0 chain mail
 v - a +0 troll leather armour
 C - a +5 ring mail
 D - a +8 chain mail (worn)
 E - a +0 pair of boots (worn)
 F - a +0 cloak (worn)
Jewellery
 w - a +3 ring of evasion (left hand)
 x - a +3 ring of protection
 L - a ring of fire
 R - the ring of Mizoj {Wiz Dex+3}
   (You found it in the Dungeon)

   [ring of wizardry]

   It improves your spell success rate.
   Dex:       It affects your dexterity (+3).
 S - a ring of protection from fire
Wands
 I - a wand of roots (9)
Scrolls
 k - a scroll of butterflies
 l - 5 scrolls of amnesia
 m - 2 scrolls of vulnerability
 J - a scroll of blinking
 K - 2 scrolls of fog
 N - a scroll of fear
Potions
 c - 8 potions of curing
 d - 10 potions of heal wounds
 e - 6 potions of haste
 f - 4 potions of magic
 g - 4 potions of berserk rage
 i - 2 potions of invisibility
 z - a potion of resistance
 A - 4 potions of brilliance
 B - 2 potions of mutation
 O - a potion of might
 Q - a potion of flight


   Skills:
 + Level 21.3 Fighting
 + Level 26.3 Axes
 + Level 16.0 Armour
 + Level 6.7 Dodging
 + Level 3.5 Stealth


You had 11 spell levels left.
You didn't know any spells.
Your spell library was empty.

Dungeon Overview and Level Annotations

Branches:
Dungeon (1/1)

Altars:
Ashenzari
Cheibriados
Dithmenos
Elyvilon
Fedhas
Gozag
Hepliaklqana
Kikubaaqudgha
Makhleb
Nemelex Xobeh
Okawaru
Qazlal
Ru
Sif Muna
Trog
Uskayaw
Vehumet
Wu Jian
Xom
Yredelemnul
Zin
The Shining One
Beogh
Jiyva
Lugonu


Innate Abilities, Weirdness & Mutations

Potions are less effective at restoring your health.


Message History

You miss the +2 broad axe of electrocution.
The +2 broad axe of electrocution barely misses you.
The +2 broad axe of electrocution hits you but does no damage.
The air elemental fires a burst of electricity at you.
The stunning burst hits the +2 broad axe of electrocution.
The +2 broad axe of electrocution completely resists.
The stunning burst hits you.
You suddenly lose the ability to move!
You can move again.
You slice the +2 broad axe of electrocution!!
The +2 broad axe of electrocution is severely damaged.
The +2 broad axe of electrocution misses you.
The +2 broad axe of electrocution hits you!
You are electrocuted!!
Unknown command.
You open the +2 broad axe of electrocution like a pillowcase!!!!
The +2 broad axe of electrocution falls from the air.
Trog accepts your kill. The air elemental hits you.
Unknown command.
You cut the catoblepas into ribbons!!!
The catoblepas is heavily wounded.
The catoblepas gores you!
* * * LOW HITPOINT WARNING * * *
You slice the catoblepas!!
You kill the catoblepas!
Trog accepts your kill.
Your Armour skill increases to level 16!
You slash the golden dragon!
The golden dragon is lightly wounded.
The golden dragon bites you but does no damage.
The golden dragon claws you but does no damage.
The golden dragon tramples you but does no damage.
You hit the golden dragon.
The golden dragon is lightly wounded.
The golden dragon bites you but does no damage.
The golden dragon claws you but does no damage.
The golden dragon completely misses you.
The golden dragon breathes fire at you. The bolt of fire hits you!!!
You die...

######################
#....................+
#............@)......+
#..###########D####..#
#..# #.#.# #..# #..# #D#
#.##..# #..# #T# #)#..#
#..# #g# ##..# #..# #Z#
#..#
#..################..#
####....................#


You could see a golden dragon (catching breath).

Vanquished Creatures
  An eidolon (D)
  Josephine (D)
  2 great orbs of eyes (D)
  A catoblepas (D)
  A deep troll shaman (D)
  A death yak (D)
  A dancing weapon (D)
  A deep troll earth mage (D)
  A vampire mage (D)
  2 shadow wraiths (D)
  2 sea snakes (D)
  A swamp dragon (D)
  4 deep trolls (D)
  2 deep elf zephyrmancers (D)
  A cyclops (D)
  An orc sorcerer (D)
  A merfolk siren (D)
  A demonic crawler (D)
  A black mamba (D)
  A cane toad (D)
  An unseen horror (D)
  A rime drake (D)
  A troll (D)
  A polar bear (D)
  Grinder (D)
  A tarantella (D)
  11 dream sheep (D)
  A jumping spider (D)
  4 wraiths (D)
  A shadow (D)
  A water elemental (D)
  4 yaks (D)
  2 neqoxecs (D)
  4 vampire mosquitoes (D)
  A small abomination (D)
  A floating eye (D)
  An orc warrior (D)
  An ogre (D)
  A wolf (D)
  A phantom (D)
  A centaur (D)
  A scorpion (D)
  3 wights (D)
  A crimson imp (D)
  A quasit (D)
  An orc priest (D)
  3 orc wizards (D)
  A hell rat (D)
  An adder (D)
  3 gnolls (D)
  2 river rats (D)
  An ufetubus (D)
  8 orcs (D)
  A ball python (D)
  A bat skeleton (D)
  A bat zombie (D)
  A giant cockroach (D)
  A goblin (D)
  A quokka simulacrum (D)
  2 rats (D)
102 creatures vanquished.

Notes
Turn   | Place    | Note
-------+----------+-------------------------------------------
     0 | D        | sircluck the Hill Orc Berserker began the quest for the
                  | Orb.
     0 | D        | Reached XP level 1. HP: 19/19 MP: 1/1
    42 | D        | Found a bloodstained altar of Trog.
    42 | D        | Found a shimmering blue altar of Sif Muna.
    42 | D        | Found a viscous altar of Jiyva.
    42 | D        | Found a hazy altar of Hepliaklqana.
    42 | D        | Found an opulent altar of Gozag.
    43 | D        | Found a glowing golden altar of the Shining One.
    43 | D        | Found a glowing silver altar of Zin.
    43 | D        | Found a basalt altar of Yredelemnul.
    43 | D        | Found a shimmering altar of Xom.
    43 | D        | Found an ornate altar of the Wu Jian Council.
    43 | D        | Found a sacrificial altar of Ru.
    43 | D        | Found a stormy altar of Qazlal.
    43 | D        | Found an iron altar of Okawaru.
    43 | D        | Found a sparkling altar of Nemelex Xobeh.
    43 | D        | Found a burning altar of Makhleb.
    43 | D        | Found a blossoming altar of Fedhas.
    43 | D        | Found a white marble altar of Elyvilon.
    43 | D        | Found a shadowy altar of Dithmenos.
    43 | D        | Found a snail-covered altar of Cheibriados.
    44 | D        | Found a radiant altar of Vehumet.
    44 | D        | Found a corrupted altar of Lugonu.
    44 | D        | Found a roughly hewn altar of Beogh.
    45 | D        | Found an ancient bone altar of Kikubaaqudgha.
    45 | D        | Found a hide-covered altar of Uskayaw.
    45 | D        | Found a broken altar of Ashenzari.
    57 | D        | Noticed a floating eye
    58 | D        | Paralysed by a floating eye for 2 turns
    64 | D        | Paralysed by a floating eye for 2 turns
    67 | D        | Killed a floating eye
    68 | D        | Reached skill level 8 in Axes
    68 | D        | Reached XP level 2. HP: 34/34 MP: 2/2
    68 | D        | Reached XP level 3. HP: 39/39 MP: 3/3
    68 | D        | Reached XP level 4. HP: 47/47 MP: 4/4
    72 | D        | Reached ** piety under Trog
    81 | D        | Noticed a scorpion
    91 | D        | Killed a scorpion
    92 | D        | Reached skill level 9 in Axes
    92 | D        | Reached XP level 5. HP: 51/56 MP: 5/5
   115 | D        | Reached *** piety under Trog
   116 | D        | Reached skill level 10 in Axes
   124 | D        | Reached **** piety under Trog
   131 | D        | Reached skill level 11 in Axes
   131 | D        | Reached XP level 6. HP: 64/64 MP: 6/6
   256 | D        | Reached skill level 10 in Fighting
   263 | D        | Reached ***** piety under Trog
   275 | D        | Reached skill level 12 in Axes
   275 | D        | Reached skill level 5 in Armour
   280 | D        | Reached XP level 7. HP: 51/74 MP: 7/7
   288 | D        | Reached skill level 13 in Axes
   314 | D        | Received a gift from Trog
   322 | D        | Noticed a merfolk siren
   330 | D        | Killed a merfolk siren
   331 | D        | Reached skill level 14 in Axes
   331 | D        | Reached XP level 8. HP: 63/85 MP: 8/8
   654 | D        | Received a gift from Trog
   667 | D        | Noticed a troll
   671 | D        | Killed a troll
   672 | D        | Reached skill level 15 in Axes
   672 | D        | Reached skill level 5 in Dodging
   676 | D        | Reached ****** piety under Trog
   840 | D        | Noticed a demonic crawler
   847 | D        | Killed a demonic crawler
   848 | D        | Reached skill level 16 in Axes
   848 | D        | Reached skill level 1 in Stealth
   849 | D        | Reached XP level 9. HP: 73/94 MP: 9/9
  1070 | D        | Noticed a swamp dragon
  1070 | D        | Noticed a deep elf zephyrmancer
  1079 | D        | Killed a deep elf zephyrmancer
  1079 | D        | Received a gift from Trog
  1080 | D        | Reached skill level 17 in Axes
  1082 | D        | Reached skill level 18 in Axes
  1082 | D        | Reached skill level 10 in Armour
  1085 | D        | Reached skill level 15 in Fighting
  1090 | D        | Reached XP level 10. HP: 55/105 MP: 10/10
  1092 | D        | Killed a swamp dragon
  1093 | D        | Reached skill level 19 in Axes
  1102 | D        | Received a gift from Trog
  1107 | D        | Reached skill level 20 in Axes
  1122 | D        | Received a gift from Trog
  1452 | D        | Noticed a sea snake
  1456 | D        | Killed a sea snake
  1457 | D        | Reached skill level 21 in Axes
  1457 | D        | Noticed a death yak
  1469 | D        | Killed a death yak
  1470 | D        | Reached XP level 11. HP: 71/116 MP: 11/11
  1477 | D        | Noticed a deep troll
  1478 | D        | Killed a deep troll
  1480 | D        | Reached skill level 22 in Axes
  1480 | D        | Received a gift from Trog
  1489 | D        | Noticed a great orb of eyes
  1501 | D        | Killed a great orb of eyes
  1501 | D        | Received a gift from Trog
  1813 | D        | Noticed Josephine
  1821 | D        | Killed Josephine
  1824 | D        | Reached skill level 23 in Axes
  1830 | D        | Noticed a sea snake
  1830 | D        | Noticed a vampire mage
  1837 | D        | Noticed a jiangshi
  1838 | D        | Killed a sea snake
  1838 | D        | Killed a vampire mage
  1975 | D        | Received a gift from Trog
  1976 | D        | Killed a shadow wraith
  1991 | D        | Noticed a cyclops
  1991 | D        | Noticed a deep elf zephyrmancer
  1991 | D        | Noticed an orc sorcerer
  1991 | D        | Noticed Grinder
  1994 | D        | Noticed a soul eater
  1998 | D        | Killed a shadow wraith
  1998 | D        | Received a gift from Trog
  1999 | D        | Reached skill level 24 in Axes
  2000 | D        | Killed a deep elf zephyrmancer
  2002 | D        | Gained mutation: Potions are less effective at restoring
                  | your health. [a neqoxec]
  2004 | D        | Killed an orc sorcerer
  2004 | D        | Received a gift from Trog
  2005 | D        | Reached skill level 15 in Armour
  2007 | D        | Killed a cyclops
  2008 | D        | Reached XP level 12. HP: 130/130 MP: 12/12
  2009 | D        | Killed Grinder
  2009 | D        | Received a gift from Trog
  2228 | D        | Got the ring of Mizoj {Wiz Dex+3}
  2408 | D        | Noticed a great orb of eyes
  2408 | D        | Noticed a golden dragon
  2409 | D        | Noticed an ice dragon
  2414 | D        | Noticed a deep troll shaman
  2415 | D        | Killed a great orb of eyes
  2415 | D        | Noticed a catoblepas
  2416 | D        | Reached skill level 25 in Axes
  2419 | D        | Noticed a deep troll earth mage
  2422 | D        | Killed a deep troll earth mage
  2422 | D        | Received a gift from Trog
  2424 | D        | Killed a deep troll shaman
  2427 | D        | Noticed an eidolon
  2433 | D        | Noticed a five-headed hydra
  2445 | D        | Noticed an iron troll
  2450 | D        | Killed an eidolon
  2451 | D        | Reached skill level 26 in Axes
  2451 | D        | Paralysed by an air elemental for 1 turns
  2455 | D        | Killed a catoblepas
  2457 | D        | Killed from afar by a golden dragon

Illustrated notes

Levels and vault maps discovered:
D:        pitsprint [storerooms_1, entrance_room_1, metal_vault_3, armoury_2,
          mini_pit_1, grid_room_1, main_hall_1, silver_pit, the_coven_1,
          the_vestibule_1, steel_vault_1, golden_pit, hallway_of_sentries,
          crystal_vault_4, iron_vault_4, final_vault]

Skill      XL: |  1  2  3  4  5  6  7  8  9 10 11 12 |
---------------+-------------------------------------+-----
Fighting       | 7 8 9 11 12 13 15 16 19 21 | 21.3
Axes           | 8 9 11 12 14 16 18 21 24 26 | 26.3
Armour         | 3 4 5 6 8 10 13 15 16 | 16.0
Dodging        | 2 3 4 5 6 |  6.7
Stealth        | 1 2 3 |  3.5

Action                     |  1- 3 |  4- 6 |  7- 9 | 10-12 || total
---------------------------+-------+-------+-------+-------++-------
  Melee: Hand axe          |     8 |    54 |     8 |       ||    70
         War axe           |       |       |    16 |       ||    16
         Executioner's axe |       |       |    28 |   103 ||   131
 Invoke: Berserk           |       |     1 |     4 |     3 ||     8
    Use: Potion            |       |       |       |     4 ||     4
         Scroll            |       |       |       |     9 ||     9
   Stab: Distracted        |       |       |       |     1 ||     1
         Petrified         |       |       |       |     3 ||     3
         Petrifying        |       |       |       |     1 ||     1
 Armour: Animal skin       |       |     4 |       |       ||     4
         Plate armour      |       |    31 |     7 |       ||    38
         Chain mail        |       |       |     9 |    68 ||    77
  Dodge: Dodged            |       |    28 |    18 |    49 ||    95

Table legend: (Time is in decaauts)
 A = Elapsed time spent in this place.
 B = Non-inter-level travel time spent in this place.
 C = Inter-level travel time spent in this place.
 D = Time resting spent in this place.
 E = Time spent auto-exploring this place.
 F = Levels seen in this place.
 G = Mean time per level.
                   A        B        C        D        E       F      G
               +--------+--------+--------+--------+--------+-----+--------+
         Total |   2542 |   2285 |    257 |   1509 |      0 |   1 | 2542.0 |
       Dungeon |   2542 |   2285 |    257 |   1509 |      0 |   1 | 2542.0 |
               +--------+--------+--------+--------+--------+-----+--------+

Top non-repeatable levels by time:
       D: 2542 daAuts
